 Dungeon Crawl Stone Soup version 0.25-a0-251-g572059c536 (webtiles) character file.

Game seed: 3705663188356966561, levelgen mode: classic

56 Borgoz the Cutter (level 4, 0/27 HPs)
             Began as a Kobold Gladiator on Dec 4, 2019.
             Slain by a worker ant (4 damage)
             ... on level 4 of the Dungeon.
             The game lasted 00:00:48 (558 turns).

Borgoz the Cutter (Kobold Gladiator)                 Turns: 558, Time: 00:00:48

Health: 0/27       AC:  4    Str: 12    XL:     4   Next: 17%
Magic:  4/4        EV: 16    Int:  9    God:
Gold:   33         SH:  0    Dex: 16    Spells: 3/3 levels left

rFire    . . .     SeeInvis .   a - +0 rapier
rCold    . . .     Gourm    .   (shield restricted)
rNeg     . . .     Faith    .   b - +0 leather armour
rPois    .         Spirit   .   c - +0 helmet
rElec    .         Reflect  .   (no cloak)
rCorr    .         Harm     .   (no gloves)
MR       .....                  (no boots)
Stlth    ++........             (no amulet)
HPRegen  0.09/turn              (no ring)
MPRegen  0.09/turn              (no ring)

@: lethally poisoned (0 -> -3)
A: small, carnivore
a: no special abilities


You were on level 4 of the Dungeon.
You were full.

You visited 1 branch of the dungeon, and saw 3 of its levels.

You collected 33 gold pieces.

Inventory:

Hand Weapons
 a - a +0 rapier (weapon)
Missiles
 d - a throwing net (quivered)
Armour
 b - a +0 leather armour (worn)
 c - a +0 helmet (worn)
Jewellery
 e - an uncursed amulet of faith {unknown}
Scrolls
 g - a scroll of magic mapping {unknown}
Comestibles
 f - 2 rations


   Skills:
 * Level 2.9 Fighting
 * Level 4.7 Short Blades
 - Level 2.1 Throwing
 * Level 1.2 Armour
 + Level 3.9 Dodging
 + Level 1.4 Stealth


You had 3 spell levels left.
You didn't know any spells.
Your spell library was empty.

Dungeon Overview and Level Annotations

Branches:
Dungeon (2/15)

Altars:


Innate Abilities, Weirdness & Mutations

You are small and have problems with some larger weapons.
You are carnivorous and can eat meat at any time.


Message History

The worker ant struggles against the net.
You hit the worker ant but do no damage.
The worker ant is moderately wounded.
The worker ant struggles against the net. x2
You strike the helpless worker ant from behind!
You hit the worker ant.
The worker ant is severely wounded.
The worker ant struggles against the net.
The net rips apart, and the worker ant comes free!
You barely miss the worker ant.
The worker ant is severely wounded.
* * * LOW HITPOINT WARNING * * *
You feel sick. The worker ant misses you.
Throwing (i - inventory)
d - 2 throwing nets (quivered)
Press: ? - help, Shift-Dir - straight line, f/p - worker ant
Aim: a worker ant (severely wounded)
You throw a throwing net.
The throwing net barely misses the worker ant.
The worker ant bites you.
You die...

##(.. ... ## ####
... ...... ...
#..# #.# #..# #.#
# . #..# #a#.# ..
#..###
#@#.######.##.....
#.................
#.########.##...##
#.# ###.##.#.# #.#
####......#.#
#.###.##.###..#.#
#.##.#..># #..#.#
#.###.##.###.##.#
#.###.##.....##.#


You could see a worker ant.

Vanquished Creatures
  2 worker ants (D:4)
  An adder (D:2)
  A hobgoblin (D:2)
  A rat (D:1)
5 creatures vanquished.

Notes
Turn   | Place    | Note
-------+----------+-------------------------------------------
     0 | D:1      | Borgoz the Kobold Gladiator began the quest for the Orb.
     0 | D:1      | Reached XP level 1. HP: 12/12 MP: 1/1
    44 | D:1      | You fall into a shaft and drop 1 floor!
   113 | D:2      | Reached XP level 2. HP: 18/18 MP: 2/2
   180 | D:2      | You fall into a shaft and drop 2 floors!
   197 | D:4      | Reached skill level 1 in Armour
   197 | D:4      | Reached skill level 1 in Stealth
   197 | D:4      | Reached XP level 3. HP: 10/22 MP: 3/3
   547 | D:4      | Reached XP level 4. HP: 13/27 MP: 4/4
   558 | D:4      | Slain by a worker ant

Levels and vault maps discovered:
D:1:      minmay_arrival_checkered_box, layout_rooms
D:2:      layout_loops_corners, lightli_temple_of_fire, first_ration,
          serial_rivers, chequers_serial_rivers_large_a,
          chequers_serial_rivers_small_b, chequers_serial_rivers_room_b,
          chequers_serial_rivers_room_b, chequers_serial_rivers_room_b,
          chequers_ecumenical_altar_grove
D:4:      layout_loops_ring, gammafunk_ghost_mausoleum

Skill      XL: |  1  2 |
---------------+-------+-----
Armour         | 1 |  1.2
Stealth        | 1 |  1.4
Fighting       | |  2.9
Short Blades   | |  4.7
Throwing       | |  2.1
Dodging        | |  3.9

Action                   |  1- 3 |  4- 6 || total
-------------------------+-------+-------++-------
Melee: Rapier            |    21 |     9 ||    30
Throw: Throwing net      |       |     2 ||     2
 Stab: Distracted        |     1 |       ||     1
       Held in net/web   |       |     1 ||     1
  Eat: Chunk             |     3 |       ||     3
Armor: Leather armour    |     4 |     2 ||     6
Dodge: Dodged            |    13 |     3 ||    16

Table legend:
 A = Non-vault XP
 B = Vault XP
 C = Vault XP percentage of total XP
 D = Non-vault monster count
 E = Vault monster count
 F = Vault count percentage of total count
                 A         B        C        D         E       F
            +---------+---------+-------+---------+---------+-------
      Total |      81 |       0 |   0.0 |       5 |       0 |   0.0
            +---------+---------+-------+---------+---------+-------
        D:1 |       1 |       0 |   0.0 |       1 |       0 |   0.0
        D:2 |      15 |       0 |   0.0 |       2 |       0 |   0.0
        D:4 |      65 |       0 |   0.0 |       2 |       0 |   0.0
            +---------+---------+-------+---------+---------+-------
